 Dungeon Crawl Stone Soup version 0.20.1-1-g8b1a95d (webtiles) character file.

33 Gnungangingling the Grave Robber (level 3, 0/25 HPs)
             Began as a Demonspawn Necromancer on Sept 8, 2017.
             Slain by a worm (5 damage)
             ... on level 2 of the Dungeon.
             The game lasted 00:08:07 (1586 turns).

Gnungangingling the Grave Robber (DsNe)             Turns: 1586, Time: 00:08:08

Health: 0/25       AC:  3    Str: 14    XL:     3   Next: 12%
Magic:  1/6        EV: 12    Int: 17    God:
Gold:   43         SH:  0    Dex: 13    Spells: 1/6 levels left

rFire    . . .     SeeInvis .   l - +0 dagger (curse)
rCold    . . .     Gourm    .   (no shield)
rNeg     . . .     Faith    .   e - +0 robe
rPois    .         Spirit   .   (no helmet)
rElec    .         Reflect  .   (no cloak)
rCorr    .         Harm     .   f - +0 pair of gloves
MR       .....                  (no boots)
Stlth    ++........             (no amulet)
Regen    0.1/turn               j - +6 ring of strength
MPRegen  0.1/turn               (no ring)

@: no status effects
A: powered by pain 2
a: no special abilities


You were on level 2 of the Dungeon.
You were very full.

You visited 1 branch of the dungeon, and saw 2 of its levels.

You collected 43 gold pieces.

Inventory:

Hand Weapons
 l - a cursed +0 dagger (weapon)
Armour
 e - a +0 robe (worn)
 f - a +0 pair of gloves (worn)
Jewellery
 c - an uncursed ring of ice {unknown}
 j - a +6 ring of strength (left hand)
Scrolls
 d - 2 scrolls of remove curse {unknown}
 h - a scroll of random uselessness {unknown}
 i - 3 scrolls of identify {unknown}
Potions
 g - a potion of heal wounds {unknown}
 k - a potion of curing {unknown}
Books
 b - a book of Necromancy

   Spells                             Type                      Level
   a - Pain                           Necromancy                   1
   b - Animate Skeleton               Necromancy                   1
   c - Vampiric Draining              Necromancy                   3
   d - Regeneration                   Charms/Necromancy            3
   e - Animate Dead                   Necromancy                   4
   f - Control Undead                 Necromancy                   4
Comestibles
 a - a royal jelly


   Skills:
 + Level 0.4 Fighting
 + Level 0.6 Short Blades
 + Level 1.8 Dodging
 + Level 2.0 Stealth
 + Level 2.3 Spellcasting
 + Level 4.8 Necromancy


You had one spell level left.
You knew the following spells:

 Your Spells              Type           Power        Failure   Level  Hunger
a - Pain                  Necr           ###.         2%          1    #......
b - Animate Skeleton      Necr           N/A          2%          1    #......
c - Vampiric Draining     Necr           ###.......   8%          3    ###....


Dungeon Overview and Level Annotations

Branches:
Dungeon (2/15)

Altars:


Innate Abilities, Weirdness & Mutations

You sometimes gain power by taking damage.


Message History

Casting: Pain
Confirm with . or Enter, or press ? or * to list all spells.
There is nothing here that can be animated!
Casting: Animate Skeleton
Confirm with . or Enter, or press ? or * to list all spells.
Aiming: Vampiric Draining
Press: ? - help, Shift-Dir - straight line, f - worm
Aim: a worm (lightly wounded)
The worm is heavily wounded.
You feel life coursing into your body.
Casting: Vampiric Draining
Confirm with . or Enter, or press ? or * to list all spells.
You don't have enough magic to cast that spell.
Casting: Vampiric Draining
Confirm with . or Enter, or press ? or * to list all spells.
Aiming: Pain
Press: ? - help, Shift-Dir - straight line, f/p - worm
Aim: a worm (heavily wounded, chance to defeat MR: 84%)
The worm writhes in agony!
The worm bites you.
You die...

...####... #### .
##. ## #.. .# #.# .#
#.# .# #.# ## #w#
..# #@# ..#
#.#####.. #....#.. #
####.#.#.#
########.#.#.### #.
#..............# #.
#.######.#.#.#.#
#.###.#####.##.#...#
#.............†....#


You could see a worm.

Vanquished Creatures
  2 dart slugs
  2 giant cockroaches (D:1)
  2 goblins (D:1)
  3 hobgoblins
  2 jackals (D:1)
  A quokka (D:2)
  4 bats
  2 frilled lizards (D:2)
  5 kobolds
  6 rats
29 creatures vanquished.

Notes
Turn   | Place    | Note
-------+----------+-------------------------------------------
     0 | D:1      | Gnungangingling the Demonspawn Necromancer began the quest for the Orb.
     0 | D:1      | Reached XP level 1. HP: 13/13 MP: 3/3
   569 | D:1      | Gained mutation: You sometimes gain a little power by taking damage. [demonic ancestry]
   569 | D:1      | Reached XP level 2. HP: 18/19 MP: 1/5
  1320 | D:2      | Gained mutation: You sometimes gain power by taking damage. [demonic ancestry]
  1320 | D:2      | Reached XP level 3. HP: 18/24 MP: 2/6
  1338 | D:2      | Learned a level 1 spell: Animate Skeleton
  1342 | D:2      | Learned a level 3 spell: Vampiric Draining
  1584 | D:2      | HP: 1/25 [worm (6)]
  1586 | D:2      | Slain by a worm

Skill      XL: |  1  2 |
---------------+-------+-----
Stealth        | 2 |  2.0
Fighting       | |  0.4
Short Blades   | |  0.6
Dodging        | |  1.8
Spellcasting   | |  2.3
Necromancy     | |  4.8

Action                   || total
-------------------------++-------
Melee: Unarmed           ||     2
       Dagger            ||    57
 Cast: Pain              ||    31
       Vampiric Draining ||     3
 Stab: Sleeping          ||     1
  Eat: Bread ration      ||     2
Armor: Robe              ||    14
Dodge: Dodged            ||    40
